 Dungeon Crawl Stone Soup version 0.29-a0-559-g359e09b9d1 (webtiles) character file.

Game seed: 9710548207058083023

1 Hubjo the Insei (level 1, 0/15 HPs)
             Began as a Demonspawn Transmuter on June 9, 2022.
             Slain by a jackal (3 damage)
             ... on level 1 of the Dungeon.
             The game lasted 00:00:06 (21 turns).

Hubjo the Insei (Demonspawn Transmuter)               Turns: 21, Time: 00:00:07

Health: 0/15       AC:  2    Str: 10    XL:     1   Next: 16%
Magic:  2/3        EV: 12    Int: 14    God:
Gold:   0          SH:  0    Dex: 13    Spells: 3/4 levels left

rFire   . . .      SeeInvis .     - Unarmed
rCold   . . .      Faith    .   (no shield)
rNeg    . . .      Spirit   .   a - +0 robe
rPois   .          Reflect  .   (helmet currently unavailable)
rElec   .          Harm     .   (no cloak)
rCorr   .          Rampage  .   (no gloves)
Will    .....                   (boots currently unavailable)
Stlth   +.........              (no amulet)
HPRegen 0.05/turn               (no ring)
MPRegen 0.08/turn               (no ring)

@: appendages
A: horns 2, talons 2
a: End Transformation


You were on level 1 of the Dungeon.
You had temporarily grown beastly horns and talons.
You visited 1 branch of the dungeon, and saw 1 of its levels.

Inventory:

Armour
 a - a +0 robe (worn)
Potions
 b - a potion of lignification


   Skills:
 * Level 1.0 Fighting
 - Level 1.7 Dodging
 + Level 0.0 Stealth
 + Level 2.7 Unarmed Combat
 + Level 2.0 Spellcasting
 + Level 1.7 Transmutations


You had 3 spell levels left.
You knew the following spells:

 Your Spells              Type           Power      Damage    Failure   Level
a - Beastly Appendage     Tmut           12%        N/A       12%         1

Your spell library contained the following spells:

 Spells                   Type           Power      Damage    Failure   Level
 Wereblood                Tmut           6%         N/A       17%         2
 Spider Form              Tmut/Pois      3%         N/A       45%         3
 Ice Form                 Ice/Tmut       3%         N/A       86%         4


Dungeon Overview and Level Annotations

Branches:
Dungeon (1/15)

Altars:


Innate Abilities, Weirdness & Mutations

You have temporarily grown beastly horns and talons.


Message History

The jackal attacks as you move away! The jackal closely misses you.
Your magical contamination has completely faded away.
The jackal barely misses you.
The jackal bites you but does no damage.
The jackal bites you.
There is a staircase leading out of the dungeon here.
The jackal closely misses you. x2; The jackal barely misses you.
You hit the jackal.
The jackal is moderately wounded.
The jackal closely misses you. The jackal barely misses you. x2
You hit the jackal.
You kill the jackal!
The jackal bites you but does no damage.
You closely miss the jackal. The jackal barely misses you.
The jackal misses you. The jackal barely misses you. The jackal misses you.
You grow a pair of large bovine horns.
Your feet morph into talons.
The jackal completely misses you. The jackal barely misses you.
The jackal bites you.
The jackal bites you but does no damage.
The jackal bites you.
You hit the jackal. Your headbutt misses the jackal.
The jackal is lightly wounded.
The jackal bites you but does no damage.
The jackal bites you. The jackal misses you.
You barely miss the jackal. Your kick misses the jackal. You punch the jackal.
The jackal is moderately wounded.
The jackal misses you. The jackal bites you. The jackal closely misses you.
The jackal bites you.
* * * LOW HITPOINT WARNING * * *
You hit the jackal but do no damage.
The jackal is moderately wounded.
The jackal closely misses you. The jackal barely misses you. x2
The jackal bites you but does no damage.
The jackal misses you.
You closely miss the jackal. You headbutt the jackal.
The jackal is severely wounded.
The jackal bites you.
* * * LOW HITPOINT WARNING * * *
The jackal bites you.
You die...

####
####..####
#@h......#
#hh.###...#
#.###
#...... #.#
.h.... #.)
....# ##.
#...# ..
[... #. $#(
#.


You could see 3 jackals.

Vanquished Creatures
  A jackal (D:1)
1 creature vanquished.

Notes
Turn   | Place    | Note
-------+----------+-------------------------------------------
     0 | D:1      | Hubjo the Demonspawn Transmuter began the quest for the
                  | Orb.
     0 | D:1      | Reached XP level 1. HP: 15/15 MP: 3/3
    21 | D:1      | Slain by a jackal

Illustrated notes

Levels and vault maps discovered:
D:1:      dpeg_arrival_round_b, layout_loops_ring,
          ebering_ecumenical_altar_ruins, amcnicky_mini_corridor_feature,
          serial_bayou_lake_a

Action                   || total
-------------------------++-------
Melee: Unarmed           ||     8
       Headbutt          ||     1
       Punch             ||     1
 Cast: Beastly Appendage ||     1
Armor: Robe              ||     6
Dodge: Dodged            ||    22

Table legend: (Time is in decaauts)
 A = Elapsed time spent in this place.
 B = Non-inter-level travel time spent in this place.
 C = Inter-level travel time spent in this place.
 D = Time resting spent in this place.
 E = Time spent auto-exploring this place.
 F = Levels seen in this place.
 G = Mean time per level.
                   A        B        C        D        E       F      G
               +--------+--------+--------+--------+--------+-----+--------+
         Total |     20 |     20 |      0 |      0 |      3 |   1 |   20.0 |
       Dungeon |     20 |     20 |      0 |      0 |      3 |   1 |   20.0 |
               +--------+--------+--------+--------+--------+-----+--------+

Top non-repeatable levels by time:
     D:1: 20 daAuts
